 Dungeon Crawl Stone Soup version 0.18-a0-1666-g3ea6f2b (webtiles) character file.

2400 Kidiri the Thaumaturge (level 9, -1/45 HPs)
             Began as a Deep Elf Fire Elementalist on Mar 31, 2016.
             Was a Follower of Vehumet.
             Slain by a polar bear (6 damage)
             ... on level 7 of the Dungeon.
             The game lasted 00:28:12 (9191 turns).

Kidiri the Thaumaturge (Deep Elf Fire Elementalist) Turns: 9191, Time: 00:28:14

Health: -1/45      AC:  4    Str:  5    XL:     9   Next: 23%
Magic:  7/23       EV: 17    Int: 24    God:    Vehumet [*.....]
Gold:   80         SH:  0    Dex: 15    Spells: 8 memorised, 1 level left

rFire  + + +     SeeInvis .     i - +3 dagger (venom)
rCold  . . .     Gourm    .     B - +0 robe "Foukhous" {*Corrode rF+++ rC+}
rNeg   . . .     Faith    .     (no shield)
rPois  .         Spirit   .     e - +0 helmet
rElec  .         Dismiss  .     r - +0 cloak
rCorr  .         Reflect  .     (no gloves)
SustAt .         Harm     .     (no boots)
MR     .....                    (no amulet)
Stlth  ++........               b - ring of fire
                                x - +1 ring of evasion

@: very slightly contaminated, not resistant to hostile enchantments, unstealthy
A: no striking features
a: Renounce Religion


You were on level 7 of the Dungeon.
You worshipped Vehumet.
Vehumet was aware of your devotion.
You were not hungry.

You visited 2 branches of the dungeon, and saw 8 of its levels.

You collected 320 gold pieces.
You spent 240 gold pieces at shops.

Inventory:

Hand Weapons
 i - a +3 dagger of venom (weapon)
Armour
 e - a +0 helmet (worn)
 n - a +0 shield
 r - a +0 cloak (worn)
 B - the +0 robe "Foukhous" (worn) {*Corrode rF+++ rC+}
   (You found it on level 6 of the Dungeon)

   It renders you almost immune to fire.
   It protects you from cold.
   It may corrode you when you take damage.
Jewellery
 b - a ring of fire (right hand)
 t - an uncursed ring of flight
 u - an uncursed ring of see invisible
 x - a +1 ring of evasion (left hand)
Wands
 o - a wand of teleportation (9/9)
Scrolls
 v - a scroll of remove curse
 y - a scroll of amnesia
 A - 3 scrolls of teleportation
Potions
 a - a potion of might
 d - 6 potions of curing {unknown}
 f - a potion of haste
 g - a potion of heal wounds
 j - 2 potions of ambrosia
 p - 2 potions of brilliance
Books
 l - a Young Poisoner's Handbook

   Spells                             Type                      Level
   a - Sting                          Conjuration/Poison           1
   b - Cure Poison                    Poison                       2
   c - Mephitic Cloud                 Conjuration/Poison/Air       3
   d - Olgreb's Toxic Radiance        Poison                       4
   e - Venom Bolt                     Conjuration/Poison           5
 D - a book of Air

   Spells                             Type                      Level
   a - Shock                          Conjuration/Air              1
   b - Swiftness                      Charms/Air                   2
   c - Repel Missiles                 Charms/Air                   2
   d - Static Discharge               Conjuration/Air              3
   e - Lightning Bolt                 Conjuration/Air              5
Comestibles
 c - 9 bread rations
 h - 4 meat rations
 k - 3 beef jerkies
 m - 3 chunks of flesh


   Skills:
 + Level 2.6 Armour
 * Level 6.5 Dodging
 - Level 2.4 Stealth
 + Level 2.8 Shields
 * Level 8.1 Spellcasting
 + Level 4.1 Conjurations
 + Level 5.0 Hexes
 + Level 0.4 Transmutations
 + Level 5.8 Fire Magic
 + Level 2.5 Poison Magic
 + Level 3.1 Evocations


You had one spell level left.
You knew the following spells:

 Your Spells              Type           Power        Failure   Level  Hunger
a - Flame Tongue          Conj/Fire      #####        1%          1    None
b - Throw Flame           Conj/Fire      ######       1%          2    None
c - Conjure Flame         Conj/Fire      ######..     2%          3    None
d - Inner Flame           Hex/Fire       ######..     1%          3    None
e - Sticky Flame          Conj/Fire      ######..     10%         4    ##.....
f - Fireball              Conj/Fire      ######....   24%         5    #####..
g - Cure Poison           Pois           ###.......   3%          2    None
h - Ignite Poison         Fire/Trmt/Pois #####...     6%          3    None


Dungeon Overview and Level Annotations

Branches:
Dungeon (7/15)             Temple (1/1) D:4

Altars:
Ashenzari
Cheibriados
Dithmenos
Elyvilon
Fedhas
Gozag
Kikubaaqudgha
Makhleb
Nemelex Xobeh
Okawaru
Pakellas
Qazlal
Ru
Sif Muna
Trog
Vehumet
Xom
Yredelemnul
Zin
The Shining One

Shops:
D:7 *


Message History

Casting: Sticky Flame
Confirm with . or Enter, or press ? or * to list all spells.
Aiming: Conjure Flame
Press: ? - help, Dir - move target cursor, p - polar bear You feel a surge of power!
The fire roars!
The polar bear completely misses you. The polar bear closely misses you. x2
Casting: Conjure Flame
Confirm with . or Enter, or press ? or * to list all spells.
Aiming: Sticky Flame
Press: ? - help, Shift-Dir - straight line, f - polar bear
Aim: a polar bear (severely wounded, berserk, fast, unusually strong)
You feel a surge of power!
The sticky flame hits the polar bear.
The polar bear is almost dead.
The polar bear is covered in liquid flames!
The polar bear burns!
The polar bear bites you! The polar bear barely misses you.
The polar bear completely misses you. The polar bear bites you!
* * * LOW HITPOINT WARNING * * *
The polar bear claws you.
You die...

.>.......................'...♣.♣.
####...........#########.'..♣.♣.♣
_###...##..##### ###≈♣...♣.
.._#.........## #≈≈♣.♣.♣
.###...###....### ##≈≈♣...
..8#...####.#...## ##≈≈♣.♣
.###......#..##..# #####≈≈♣.
...######.##.###.# #.####≈≈♣ .###
#....>##@# #.##.##≈≈ .._#
####..##h# #.##..##≈ .###
#...#§########.###.###
..8###########..Y.[..............
.8###.........#.Y###.########....
.####................# ####..#
...............#.....# ####......
#####...∩.....##.....###....####.
#<........#####Y.÷....### #.


You could see a polar bear (berserk) and 2 yaks.

Vanquished Creatures
  The ghost of Stick the Ducker, an amateur SpWr of Gozag (D:4)
  2 sky beasts (D:7)
  2 phantoms (D:4)
  An orc warrior (D:6)
  2 ogres
  4 centaurs
  A giant frog (D:7)
  An electric eel (D:7)
  3 crimson imps (D:5)
  3 orc priests
  2 jellies (D:7)
  6 hounds
  Crazy Yiuf (D:2)
  A giant frog skeleton (D:5)
  An iguana (D:4)
  6 orc wizards
  7 worker ants
  A worker ant zombie (D:6)
  Robin (D:2)
  8 gnolls
  9 adders
  2 shadow imps (D:5)
  2 oozes
  3 worms
  3 giant geckos
  25 orcs
  2 giant cockroaches
  14 goblins
  12 hobgoblins
  20 jackals
  3 quokkas
  2 ball pythons
  8 bats
  A giant gecko zombie (D:7)
  3 giant newts
  9 kobolds
  7 rats
  A bush (D:1)
180 creatures vanquished.

Notes
Turn   | Place    | Note
--------------------------------------------------------------
     0 | D:1      | Kidiri the Deep Elf Fire Elementalist began the quest for the Orb.
     0 | D:1      | Reached XP level 1. HP: 10/10 MP: 6/6
   306 | D:1      | Reached XP level 2. HP: 12/15 MP: 0/8
   310 | D:1      | Learned a level 2 spell: Throw Flame
  1028 | D:2      | Reached skill level 4 in Spellcasting
  1028 | D:2      | Reached XP level 3. HP: 13/19 MP: 6/10
  1033 | D:2      | Learned a level 3 spell: Conjure Flame
  1037 | D:2      | Learned a level 3 spell: Inner Flame
  1159 | D:2      | Found a basalt altar of Yredelemnul.
  1241 | D:2      | Found a blossoming altar of Fedhas.
  1360 | D:2      | Noticed Robin
  1609 | D:2      | Learned a level 2 spell: Cure Poison
  1657 | D:2      | Reached XP level 4. HP: 21/24 MP: 6/12
  1894 | D:2      | Killed Robin
  1894 | D:2      | Reached skill level 1 in Hexes
  2135 | D:2      | Noticed Crazy Yiuf
  2157 | D:2      | Killed Crazy Yiuf
  2157 | D:2      | Reached XP level 5. HP: 17/28 MP: 3/14
  2554 | D:2      | Found an iron altar of Okawaru.
  2795 | D:3      | Learned a level 4 spell: Sticky Flame
  2975 | D:3      | Found a faded altar to an unknown god.
  3358 | D:3      | Reached skill level 5 in Spellcasting
  3410 | D:3      | Reached skill level 1 in Shields
  3599 | D:3      | Reached XP level 6. HP: 32/32 MP: 5/15
  3915 | D:3      | Found a sacrificial altar of Ru.
  4263 | D:4      | Reached skill level 1 in Evocations
  4304 | D:4      | Noticed Stick's ghost (amateur SpWr)
  4381 | D:4      | Killed Stick's ghost
  4381 | D:4      | Reached skill level 1 in Armour
  4381 | D:4      | Reached XP level 7. HP: 33/36 MP: 0/17
  4526 | D:4      | Found a staircase to the Ecumenical Temple.
  4551 | Temple   | Entered the Ecumenical Temple
  4661 | Temple   | Became a worshipper of Vehumet
  4857 | D:4      | Found a shimmering altar of Xom.
  5065 | D:4      | Reached skill level 6 in Spellcasting
  5153 | D:4      | Reached skill level 5 in Fire Magic
  5261 | D:4      | Learned a level 5 spell: Fireball
  5530 | D:5      | Entered Level 5 of the Dungeon
  5826 | D:5      | Reached * piety under Vehumet
  5826 | D:5      | Offered knowledge of Freeze by Vehumet.
  5880 | D:5      | Found a sparkling altar of Nemelex Xobeh.
  5883 | D:5      | Reached skill level 5 in Dodging
  5883 | D:5      | Reached XP level 8. HP: 39/41 MP: 6/20
  5887 | D:5      | Learned a level 2 spell: Cure Poison
  6120 | D:5      | Reached skill level 7 in Spellcasting
  6233 | D:5      | Reached skill level 1 in Poison Magic
  7195 | D:6      | Got a smoking robe
  7206 | D:6      | Identified the cursed +0 robe "Foukhous" {*Corrode rF+++ rC+} (You found it on level 6 of the Dungeon)
  8345 | D:7      | Found a huge runed gate.
  8346 | D:7      | Found a huge runed gate.
  8346 | D:7      | Found a huge runed gate.
  8346 | D:7      | Found a huge runed gate.
  8346 | D:7      | Noticed a polar bear
  8347 | D:7      | Noticed a polar bear
  8347 | D:7      | Noticed a polar bear
  8347 | D:7      | Noticed a polar bear
  8348 | D:7      | Noticed a polar bear
  8349 | D:7      | Noticed a polar bear
  8359 | D:7      | Noticed a griffon
  8479 | D:7      | Reached XP level 9. HP: 45/45 MP: 12/22
  8484 | D:7      | Learned a level 3 spell: Ignite Poison
  8506 | D:7      | Reached skill level 5 in Hexes
  8509 | D:7      | Reached skill level 8 in Spellcasting
  8687 | D:7      | Found Seusyk's Assorted Antiques.
  8695 | D:7      | Bought a scroll of teleportation for 81 gold pieces
  8695 | D:7      | Bought a murky amethyst potion for 24 gold pieces
  8695 | D:7      | Bought a tubular tourmaline ring for 135 gold pieces
  8706 | D:7      | Found a deep blue altar of Sif Muna.
  8708 | D:7      | Found a burning altar of Makhleb.
  8708 | D:7      | Found a shattered altar of Ashenzari.
  8721 | D:7      | Found a snail-covered altar of Cheibriados.
  9191 | D:7      | Slain by a polar bear

Vault maps used:
D:1:      evilmike_arrival_rings, serial_forest, infiniplex_forest_clump_long,
          infiniplex_forest_lined_2, infiniplex_forest_side_room,
          infiniplex_forest_zigzag_1, infiniplex_forest_clump_medium,
          infiniplex_forest_lined_room_2, infiniplex_forest_lined_room_2
D:2:      nicolae_overflow_crystal_walls, marbit_many_paths, first_bread,
          okawaru_metal_pillars_1_2, uniq_robin, uniq_crazy_yiuf_cottage
D:3:      ecumenical_altar_1, nicolae_ru_awakened_eye
D:4:      lemuel_coloured_pillars_altar, temple_statues
D:5:      basic_altar
D:7:      lemuel_bear_cage, minitemple, serial_shops, shop,
          kennysheep_cluttered_room
Temple:   circular_temple_12

Skill      XL: |  1  2  3  4  5  6  7  8  9 |
---------------+----------------------------+-----
Spellcasting   | 4 5 6 7 8 |  8.1
Dodging        | 3 4 5 6 |  6.5
Fire Magic     | 4 5 |  5.8
Conjurations   | 2 3 4 |  4.1
Hexes          | 1 2 3 4 5 |  5.0
Shields        | 1 2 |  2.8
Evocations     | 1 2 3 |  3.1
Armour         | 1 2 |  2.6
Poison Magic   | 2 |  2.5
Stealth        | |  2.4
Transmutations | |  0.4

Action                   |  1- 3 |  4- 6 |  7- 9 || total
-------------------------+-------+-------+-------++-------
Melee: Dagger            |    81 |    31 |    85 ||   197
 Cast: Flame Tongue      |    43 |   118 |   146 ||   307
       Throw Flame       |    11 |    30 |    34 ||    75
       Conjure Flame     |     1 |     3 |     3 ||     7
       Inner Flame       |     1 |       |     1 ||     2
       Sticky Flame      |       |       |    12 ||    12
  Use: Scroll            |     3 |     4 |     9 ||    16
       Potion            |       |       |     1 ||     1
 Stab: Sleeping          |     3 |       |     3 ||     6
  Eat: Chunk             |     3 |     8 |    13 ||    24
       Fruit             |       |       |     2 ||     2
       Royal jelly       |       |       |     1 ||     1
       Pizza             |       |       |     1 ||     1
